 Dungeon Crawl Stone Soup version 0.29.1-2-gbd0b4ee654 (webtiles) character file.

Game seed: 4389772468144673861

23 GorkyZ the Chopper (level 3, -1/28 HPs)
             Began as a Formicid Gladiator on Nov 25, 2022.
             Succumbed to an adder's poison
             ... on level 2 of the Dungeon.
             The game lasted 00:02:12 (1123 turns).

GorkyZ the Chopper (Formicid Gladiator)             Turns: 1123, Time: 00:02:12

Health: -1/28      AC:  3    Str: 20    XL:     3   Next: 12%
Magic:  3/3        EV: 12    Int:  7    God:
Gold:   30         SH:  0    Dex: 15    Spells: 2/2 levels left

rFire   . . .      SeeInvis +   a - +0 war axe
rCold   . . .      Faith    .   (no shield)
rNeg    . . .      Spirit   .   b - +0 leather armour
rPois   .          Reflect  .   (helmet unavailable)
rElec   .          Harm     .   (no cloak)
rCorr   .          Rampage  .   (no gloves)
Will    .....                   (no boots)
Stlth   +.........              e - amulet of the acrobat
HPRegen 0.09/turn               (no ring)
MPRegen 0.08/turn               (no ring)

@: lethally poisoned (-1 -> -12)
A: permanent stasis, dig shafts and tunnels, antennae 3, four strong arms
a: Dig, Shaft Self


You were on level 2 of the Dungeon.
You visited 1 branch of the dungeon, and saw 2 of its levels.

You collected 30 gold pieces.

Inventory:

Hand Weapons
 a - a +0 war axe (weapon)
Missiles
 c - 3 throwing nets (quivered)
 d - a javelin
 h - 5 poisoned darts
Armour
 b - a +0 leather armour (worn)
Jewellery
 e - an amulet of the acrobat (around neck)
Scrolls
 f - a scroll of noise {unknown}
 j - a scroll of immolation {unknown}
 k - a scroll of vulnerability {unknown}
Potions
 g - a potion of heal wounds {unknown}
 i - a potion of invisibility {unknown}
 l - 2 potions of curing {unknown}
 m - a potion of cancellation {unknown}


   Skills:
 + Level 2.5 Fighting
 + Level 3.1 Axes
 + Level 2.2 Throwing
 + Level 0.7 Armour
 + Level 2.8 Dodging
 + Level 1.0 Shields
 + Level 0.6 Evocations


You had 2 spell levels left.
You didn't know any spells.
Your spell library was empty.

Dungeon Overview and Level Annotations

Branches:
Dungeon (2/15)

Altars:

Shops:
D:1 *


Innate Abilities, Weirdness & Mutations

You cannot be hasted, slowed, berserked, paralysed or teleported.
You can dig through walls and to a lower floor.
You have a pair of large antennae on your head. (SInv)
Your four strong arms can wield two-handed weapons with a shield.


Message History

The bat barely misses you.
You closely miss the bat.
The bat is severely wounded.
The bat hits you but does no damage. The bat closely misses you.
The bat barely misses you.
You hit the bat.
You kill the bat!
You closely miss the adder. The adder closely misses you.
You hit the adder but do no damage. The adder bites you.
The adder bites you but does no damage.
You closely miss the adder. The adder bites you.
* * * LOW HITPOINT WARNING * * *
A giant cockroach comes into view.
The adder misses you.
You barely miss the adder. The adder completely misses you.
The adder closely misses you.
You hit the adder but do no damage. The adder completely misses you.
You slash the adder!
The adder is almost dead.
The adder barely misses you. The adder bites you but does no damage.
You miss the adder.
The adder is almost dead.
The adder bites you.
* * * LOW HITPOINT WARNING * * *
You are poisoned.
The adder poisons you! The adder closely misses you.
You barely miss the adder.
The adder is almost dead.
You hit the giant cockroach but do no damage.
* * * LOW HITPOINT WARNING * * *
You feel sick. The giant cockroach barely misses you. The adder bites you.
* * * LOW HITPOINT WARNING * * *
You are more poisoned.
The adder poisons you!
The giant cockroach bites you but does no damage.
The adder closely misses you.
You closely miss the adder.
The adder is almost dead.
You closely miss the giant cockroach.
You die...

#.............#####
###.............#
#...............#
#...............#
#...............###
#.......$...........
#...............###.
#.............#
#.@B..........#
#.S...........#
..........#######
...........#
#............#
#............#
#............#
#............#


You could see an adder and a giant cockroach.

Vanquished Creatures
  2 dart slugs
  3 bats
  3 endoplasms
  A giant cockroach (D:2)
  A hobgoblin (D:1)
  A quokka (D:1)
  2 frilled lizards (D:1)
  3 goblins (D:1)
  3 rats (D:1)
19 creatures vanquished.

Notes
Turn   | Place    | Note
-------+----------+-------------------------------------------
     0 | D:1      | GorkyZ the Formicid Gladiator began the quest for the Orb.
     0 | D:1      | Reached XP level 1. HP: 16/16 MP: 1/1
   310 | D:1      | Found Cekudd's Assorted Antiques.
   316 | D:1      | Reached XP level 2. HP: 19/23 MP: 2/2
   760 | D:1      | Found a faded altar of an unknown god.
  1105 | D:2      | Reached skill level 1 in Shields
  1110 | D:2      | Reached XP level 3. HP: 11/28 MP: 3/3
  1122 | D:2      | HP: 1/28 [adder (3)]
  1123 | D:2      | Succumbed to an adder's poison

Illustrated notes

Levels and vault maps discovered:
D:1:      dpeg_arrival_connections, layout_basic, serial_shops, shop,
          hellmonk_ecumenical_altar_leap_of_faith
D:2:      minmay_recursive_quarters, layout_basic, kennysheep_generic_room_5,
          uniq_sigmund

Skill      XL: |  1  2 |
---------------+-------+-----
Shields        | 1 |  1.0
Fighting       | |  2.5
Axes           | |  3.1
Throwing       | |  2.2
Armour         | |  0.7
Dodging        | |  2.8
Evocations     | |  0.6

Action                   || total
-------------------------++-------
Melee: War axe           ||    53
       Punch             ||     1
Armor: Leather armour    ||    15
Dodge: Dodged            ||    50
